 Dungeon Crawl Stone Soup version 0.31.0-12-g77e489cdc1 (webtiles) character file.

Game seed: 15659393032727710130

99 spaghetti the Chiller (level 4, -6/32 HPs)
             Began as a Human Ice Elementalist on Mar 3, 2024.
             Was a Believer of Sif Muna.
             Mangled by an ogre
             ... wielding a +0 giant spiked club
              (25 damage)
             ... on level 3 of the Dungeon.
             The game lasted 00:04:40 (3586 turns).

spaghetti the Chiller (Human Ice Elementalist)      Turns: 3586, Time: 00:04:40

Health: -6/32      AC:  8    Str:  7 (9)  XL:     4   Next: 72%
Magic:  0/7        EV: 12    Int: 16 (17) God:    Sif Muna [**....]
Gold:   91         SH:  0    Dex: 10 (13) Spells: 0/7 levels left

rFire   . . .        e - +0 dagger (venom)
rCold   . . .        (no shield)
rNeg    . . .        a - +0 robe
rPois   .            (no helmet)
rElec   .            (no cloak)
rCorr   .            (no gloves)
SInv    .            (no boots)
Will    .....        (no amulet)
Stlth   ++           (no ring)
HPRegen 0.25/turn    (no ring)
MPRegen 0.10/turn

%: no passive effects
@: ice-armoured, freezing walls
A: explore regen
a: Renounce Religion, Channel Magic


You were on level 3 of the Dungeon.
You worshipped Sif Muna.
Sif Muna was pleased with you.
You visited 1 branch of the dungeon, and saw 3 of its levels.

You collected 91 gold pieces.

Inventory:

Hand Weapons
 e - a +0 dagger of venom (weapon)
Armour
 a - a +0 robe (worn)
Scrolls
 b - 4 scrolls of identify {unknown}
 f - a scroll of poison {unknown}
 g - a scroll of immolation {unknown}
 i - a scroll of blinking {unknown}
 j - a scroll of fear {unknown}
 k - a scroll of noise {unknown}
Potions
 c - 3 potions of attraction
 d - 2 potions of curing


   Skills:
 + Level 1.5 Fighting
 + Level 1.5 Armour
 + Level 2.6 Dodging
 - Level 2.0 Stealth
 + Level 2.4 Spellcasting
 + Level 4.4 Ice Magic
 + Level 0.8 Invocations


You couldn't memorise any spells.
You knew the following spells:

 Your Spells              Type           Power      Damage    Failure   Level
a - Freeze                Ice            64%        1d7       3%          1
b - Frozen Ramparts       Ice            32%        1d5       10%         3
c - Ozocubu's Armour      Ice            16%        N/A       10%         3

Your spell library contained the following spells:

 Spells                   Type           Power      Damage    Failure   Level
 Apportation              Tloc           2%         N/A       21%         1
 Sandblast                Erth           2%         2d4       21%         1
 Summon Ice Beast         Ice/Summ       9%         N/A       24%         3
 Jinxbite                 Hex            2%         N/A       30%         2
 Passwall                 Erth           1%         N/A       52%         3
 Stone Arrow              Conj/Erth      2%         3d7       52%         3
 Brom's Barrelling Bould  Conj/Erth      1%         2d3       89%         4
 Alistair's Intoxication  Alch           0%         N/A       99%         5


Dungeon Overview and Level Annotations

Branches:
Dungeon (3/15)

Altars:
Sif Muna

Shops:
D:2 [


Innate Abilities, Weirdness & Mutations

You regain HP and MP as you explore.


Message History

The ball python constricts you.
Unknown command.
Unknown command.
Unknown command.
It was a potion of degeneration.
There was something very wrong with that liquid.
You feel weakened.
You feel dopey.
You feel clumsy.
The wall freezes the ogre.
The ogre barely misses you.
The wall freezes the ball python.
The ball python closely misses you. The ball python constricts you.
Casting: Frozen Ramparts (quite dangerous; 10% risk of failure)
Confirm with . or Enter, or press ? or * to list all spells.
Aiming: Freeze (safe; 3% risk of failure)
Press: ? - help, Shift-Dir - straight line, f - ball python
Aim: a ball python (heavily wounded, constricting you, slow)
You freeze the ball python.
You kill the ball python!
Sif Muna accepts your kill.
The wall freezes the ogre.
The ogre hits you with a +0 giant spiked club!
Okay, then.
Okay, then.
Casting: Freeze (safe; 3% risk of failure)
Confirm with . or Enter, or press ? or * to list all spells.
You don't have enough magic to cast this spell.
Unknown command.
Casting: Freeze (safe; 3% risk of failure)
Confirm with . or Enter, or press ? or * to list all spells.
You don't have enough magic to cast this spell.
You feel better.
You hit the ogre.
The ogre is poisoned.
The ogre is lightly wounded.
The wall freezes the ogre.
The ogre hits you with a +0 giant spiked club!
You hit the ogre.
The ogre looks as sick as possible!
The ogre is heavily wounded.
The wall freezes the ogre.
The ogre hits you with a +0 giant spiked club!!
Ouch! That really hurt!
You die...

.# ##......##†.##...# #... .#
###......##)...### #... .#####
#.##......##..##)# #... .....#
#..##......##....# #... .....#
#..##......##..## #... .....#
...##......##.(###... .....#
##..##......##.#..... .....#
#..†O##......###..#'# .....#
##@.##......##..#.# .....####
###...###......#..#.# #####...#
###...###......#'#†.#.# ....)...#
#...###......###.#..#.# ........#
#.###......###...#..#.#
........###'#......###)...##..#.#
..........#......###....#..#..#.#
........#......###...##.##.#..#.#
#####...###..###...#..#..#.#...).


You could see an ogre (extremely poisoned).

Vanquished Creatures
  An adder (D:3)
  2 dart slugs (D:2)
  An orc (D:3)
  8 endoplasms
  3 giant cockroaches (D:1)
  12 goblins
  10 hobgoblins
  5 jackals (D:1)
  5 kobolds
  3 quokkas
  5 ball pythons
  5 bats
  3 frilled lizards
  11 rats
74 creatures vanquished.

Notes
Turn   | Place    | Note
-------+----------+-------------------------------------------
     0 | D:1      | spaghetti the Human Ice Elementalist began the quest for
                  | the Orb.
     0 | D:1      | Reached XP level 1. HP: 13/13 MP: 3/3
   193 | D:1      | Reached XP level 2. HP: 20/20 MP: 0/5
   692 | D:1      | Reached XP level 3. HP: 15/25 MP: 0/6
   696 | D:1      | Learned a level 3 spell: Frozen Ramparts
   782 | D:1      | Reached skill level 1 in Armour
   927 | D:1      | Reached skill level 1 in Fighting
  1220 | D:1      | Found a faded altar of an unknown god.
  1648 | D:1      | Prayed at the altar of an unknown god.
  1648 | D:1      | Became a worshipper of Sif Muna the Loreminder
  1648 | D:1      | Reached * piety under Sif Muna
  1966 | D:2      | Found Volosout's Armour Shop.
  2202 | D:2      | Reached XP level 4. HP: 29/32 MP: 7/7
  3116 | D:3      | Learned a level 3 spell: Ozocubu's Armour
  3213 | D:3      | Reached ** piety under Sif Muna
  3578 | D:3      | Noticed an ogre
  3586 | D:3      | Mangled by an ogre

Illustrated notes

Levels and vault maps discovered:
D:1:      dpeg_arrival_water_fire, layout_basic,
          shapermc_ecumenical_altar_mp_urbaneastern, serial_aquarium,
          aquarium_bridge_straight [aquarium_subvault_bridge,
          aquarium_subvault_wall, aquarium_subvault_bridge,
          aquarium_subvault_window], aquarium_bridge_square
          [aquarium_subvault_balcony, aquarium_subvault_bridge,
          aquarium_subvault_balcony, aquarium_subvault_wall],
          aquarium_window_fake, aquarium_window_corner, aquarium_view_2c,
          aquarium_view_2c, aquarium_pool_corner
D:2:      layout_basic, serial_shops, nicolae_shop_real_fake_doors,
          minmay_hexomino_r4
D:3:      minmay_razor_zed, layout_basic

Skill      XL: |  1  2  3 |
---------------+----------+-----
Armour         | 1 |  1.5
Fighting       | 1 |  1.5
Dodging        | |  2.6
Stealth        | |  2.0
Spellcasting   | |  2.4
Ice Magic      | |  4.4
Invocations    | |  0.8

Action                     |  1- 3 |  4- 6 || total
---------------------------+-------+-------++-------
  Melee: Unarmed           |   114 |       ||   114
         Punch             |     1 |       ||     1
         Dagger            |    41 |    67 ||   108
   Cast: Freeze            |    39 |     5 ||    44
         Frozen Ramparts   |     1 |     1 ||     2
         Ozocubu's Armour  |       |     1 ||     1
    Use: Potion            |     4 |     2 ||     6
   Stab: Sleeping          |     5 |     4 ||     9
 Armour: Robe              |    86 |    35 ||   121
  Dodge: Dodged            |   131 |    50 ||   181
